 Dungeon Crawl Stone Soup version 0.28-a0-474-g535839065c (webtiles) character file.

Game seed: 3532337384207602696

3 siradein the Skirmisher (level 1, -1/24 HPs)
             Began as an Ogre Fighter on Sept 16, 2021.
             Frozen to death by an endoplasm (4 damage)
             ... on level 1 of the Dungeon.
             The game lasted 00:00:18 (47 turns).

siradein the Skirmisher (Ogre Fighter)                Turns: 47, Time: 00:00:19

Health: -1/24      AC:  3    Str: 19    XL:     1   Next: 50%
Magic:  1/1        EV:  8    Int:  9    God:
Gold:   17         SH:  7    Dex:  8    Spells: 0/0 levels left

rFire   . . .      SeeInvis .   a - +0 flail
rCold   . . .      Faith    .   c - +0 kite shield
rNeg    . . .      Spirit   .   b - +0 robe
rPois   .          Reflect  .   (helmet restricted)
rElec   .          Harm     .   (no cloak)
rCorr   .          Rampage  .   (gloves unavailable)
Will    .....                   (boots unavailable)
Stlth   +.........              (no amulet)
HPRegen 0.08/turn               (no ring)
MPRegen 0.07/turn               (no ring)

@: no status effects
A: large, unfitting armour, tough skin 1
a: no special abilities


You were on level 1 of the Dungeon.
You visited 1 branch of the dungeon, and saw 1 of its levels.

You collected 17 gold pieces.

Inventory:

Hand Weapons
 a - a +0 flail (weapon)
Armour
 b - a +0 robe (worn)
 c - a +0 kite shield (worn)
Potions
 d - a potion of might


   Skills:
 + Level 4.1 Fighting
 + Level 1.8 Maces & Flails
 + Level 2.7 Dodging
 + Level 2.7 Shields


You couldn't memorise any spells.
You didn't know any spells.
Your spell library was empty.

Dungeon Overview and Level Annotations

Branches:
Dungeon (1/15)

Altars:


Innate Abilities, Weirdness & Mutations

You are too large for most types of armour.
You have tough skin. (AC +1)


Message History

The endoplasm quivers.
You block the bat's attack. The bat barely misses you.
The bat hits you but does no damage. x2; The kobold barely misses you.
The endoplasm freezes you.
You are frozen.
* * * LOW HITPOINT WARNING * * *
The kobold hits you but does no damage. The bat closely misses you.
The bat barely misses you. The endoplasm barely misses you.
You block the bat's attack.
Found a scale mail.
The bat hits you but does no damage.
Unknown command.
The bat closely misses you. You block the bat's attack.
The bat barely misses you.
A ball python and 2 jackals come into view.
The jackal barks! x2; You hear a shout!
The bat hits you but does no damage.
A jackal comes into view.
A jackal comes into view.
The jackal barks! x2
The bat closely misses you.
You barely miss the jackal. The bat barely misses you.
The bat hits you but does no damage.
The jackal bites you but does no damage.
The kobold hits you but does no damage. The bat hits you.
* * * LOW HITPOINT WARNING * * *
You block the jackal's attack. The kobold hits you with a +0 dagger.
* * * LOW HITPOINT WARNING * * *
A goblin comes into view. It is wielding a +0 dagger.
You block the bat's attack. The bat hits you.
* * * LOW HITPOINT WARNING * * *
The bat hits you.
* * * LOW HITPOINT WARNING * * *
The jackal barely misses you. The bat hits you but does no damage. x3
The ball python hisses angrily.
You block the bat's attack. The endoplasm freezes you.
You are frozen.
You die...

####### #.....### #........
#.S.....
#####...############## g.
#hhgK@..#≈≈≈≈≈≈≈<≈≈≈≈≈
....###.hb.J..#≈≈≈≈≈≈≈.≈≈≈≈≈
#.g...hK....#≈≈≈≈≈....≈≈≈≈
#####.......#≈≈...........
#.......#≈.......[....
#.......#≈............
#.......###..8.###.8..
#####...#K#...........
#...#######'''####


You could see an endoplasm, 4 jackals, a hobgoblin, a goblin, a bat, a ball
python and 2 kobolds.

Vanquished Creatures
  A goblin (D:1)
  A quokka (D:1)
  A rat (D:1)
3 creatures vanquished.

Notes
Turn   | Place    | Note
-------+----------+-------------------------------------------
     0 | D:1      | siradein the Ogre Fighter began the quest for the Orb.
     0 | D:1      | Reached XP level 1. HP: 24/24 MP: 1/1
    47 | D:1      | Frozen to death by an endoplasm

Illustrated notes

Levels and vault maps discovered:
D:1:      lordsloth_arrival_two_stooges, layout_rooms,
          shapermc_ecumenical_altar_acropolis, minmay_tiny_reverse_x

Action                   || total
-------------------------++-------
Melee: Flail             ||    10
Armor: Robe              ||    17
Dodge: Dodged            ||    11
Block: Kite shield       ||    11

Table legend: (Time is in decaauts)
 A = Elapsed time spent in this place.
 B = Non-inter-level travel time spent in this place.
 C = Inter-level travel time spent in this place.
 D = Time resting spent in this place.
 E = Time spent auto-exploring this place.
 F = Levels seen in this place.
 G = Mean time per level.
                   A        B        C        D        E       F      G
               +--------+--------+--------+--------+--------+-----+--------+
         Total |     52 |     52 |      0 |      0 |     13 |   1 |   52.0 |
       Dungeon |     52 |     52 |      0 |      0 |     13 |   1 |   52.0 |
               +--------+--------+--------+--------+--------+-----+--------+

Top non-repeatable levels by time:
     D:1: 52 daAuts
